 Dungeon Crawl Stone Soup version 0.31-a0-986-g5e6e4ef867 (webtiles) character file.

Game seed: 13260756145902008618

93 mandarbmax the Sneak (level 4, -6/45 HPs)
             Began as a Human Wanderer on Nov 14, 2023.
             Mangled by Sigmund
             ... wielding a +0 scythe
              (11 damage)
             ... on level 3 of the Dungeon.
             The game lasted 00:05:16 (1502 turns).

mandarbmax the Sneak (Human Wanderer)               Turns: 1502, Time: 00:05:17

Health: -6/45      AC: 22    Str: 14    XL:     4   Next: 91%
Magic:  4/4        EV:  2    Int: 11    God:
Gold:   96         SH:  0    Dex: 14    Spells: 3/3 levels left

rFire   . . .        d - +0 quarterstaff
rCold   . . .        (shield currently unavailable)
rNeg    . . .        e - melded +0 ring mail
rPois   +            (helmet currently unavailable)
rElec   .            j - melded +0 cloak
rCorr   .            (gloves currently unavailable)
SInv    .            (boots currently unavailable)
Will    .....        (no amulet)
Stlth   +++          (no ring)
HPRegen 0.27/turn    (no ring)
MPRegen 0.09/turn

%: no passive effects
@: brilliant, tree-form, weak-willed
A: stationary, stasis, torment immunity, boosted hp, mutation resistance 1
a: no special abilities


You were on level 3 of the Dungeon.
You were a tree.
You visited 1 branch of the dungeon, and saw 3 of its levels.

You collected 96 gold pieces.

Inventory:

Hand Weapons
 d - a +0 quarterstaff (weapon)
Armour
 e - a +0 ring mail (melded)
 j - a +0 cloak (melded)
Jewellery
 p - a ring of ice
Wands
 n - a wand of charming (7)
Scrolls
 a - a scroll of vulnerability
 f - a scroll of fog
 o - a scroll of teleportation {unknown}
 q - a scroll of enchant armour {unknown}
 r - a scroll of blinking {unknown}
Potions
 m - a potion of mutation


   Skills:
 + Level 3.3 Staves
 + Level 2.4 Throwing
 - Level 2.0 Armour
 - Level 5.0 Stealth
 - Level 2.0 Evocations


You had 3 spell levels left.
You didn't know any spells.
Your spell library contained the following spells:

 Spells                   Type           Power      Damage    Failure   Level
 Blink                    Tloc           0%         N/A       47%         2
 Ensorcelled Hibernation  Hex/Ice        0%         N/A       47%         2
 Lesser Beckoning         Tloc           0%         N/A       47%         2
 Momentum Strike          Conj/Tloc      0%         3d8       47%         2
 Passwall                 Tmut/Erth      0%         N/A       47%         2
 Swiftness                Air            0%         N/A       71%         3


Dungeon Overview and Level Annotations

Branches:
Dungeon (3/15)

Altars:
Ashenzari

Annotations:
D:3 Sigmund


Innate Abilities, Weirdness & Mutations

You are a tree.
Your roots penetrate the ground, keeping you stationary.
You cannot be teleported.
You are immune to unholy pain and torment.
Your maximum health is greatly increased.
Your equipment is partially melded.
You are somewhat resistant to further mutation.


Message History

The adder barely misses you.
You barely miss the adder.
The adder is almost dead.
The adder bites you but does no damage. Something hits you!
You closely miss the adder.
The adder is almost dead.
The adder bites you but does no damage.
Throw: dart (poison)
Press: ? - help, Q - select action, (/) - cycle Shift-Dir - straight line, f - adder
Aim: an adder (almost dead, 35% to hit)
You throw a poisoned dart. The poisoned dart misses the adder.
The adder bites you but does no damage. Something completely misses you.
The adder bites you but does no damage.
You sock the adder!
You kill the adder!
Something hits you.
Throw: 2 darts (datura)
Press: ? - help, Q - select action, (/) - cycle Shift-Dir - straight line You throw a datura-tipped dart.
Something hits you.
Unknown command.
Unknown command.
Throw: dart (datura)
Press: ? - help, Q - select action, (/) - cycle Shift-Dir - straight line You throw a datura-tipped dart.
Something hits you but does no damage.
Unknown command.
Unknown command.
Okay, then.
As you read the scroll labelled EMPYJU SIATETI, it crumbles to dust.
Magic quickly surges around you.
It was a scroll of vulnerability.
Something hits you!
* * * LOW HITPOINT WARNING * * *
Okay, then.
The air fills with toxic fumes!
As you read the scroll labelled HUFROT NEMEI, it crumbles to dust.
It was a scroll of poison.
Something hits you but does no damage. Something hits you but does no damage.
Something hits you!
You die...

........# ##.##
..####### #... #.#
#..### #.#
######(... #.##
#.....{.### ...#
#.##.$..§§# ...#
#.#.#...#{# ...#
#.#...<.#§# ..†#
#..((...#♣#
...#####.##....#§#
...............§§#
.............#§§§§.
.........###.#§####
...#.###.# .#§§#
...#.# #... §§§#
...#.# #####§###
...#.#


There were no monsters in sight!

Vanquished Creatures
  3 adders
  3 dart slugs
  8 ball pythons
  5 bats
  2 endoplasms (D:1)
  6 giant cockroaches
  3 goblins
  4 hobgoblins
  6 jackals (D:1)
  4 quokkas
  A frilled lizard (D:1)
  4 kobolds
  5 rats
54 creatures vanquished.

Notes
Turn   | Place    | Note
-------+----------+-------------------------------------------
     0 | D:1      | mandarbmax the Human Wanderer began the quest for the Orb.
     0 | D:1      | mandarbmax set off with the following items: a +0 dagger, 2
                  | atropa-tipped darts, 2 datura-tipped darts, a +0
                  | quarterstaff, a +0 ring mail, a scroll of fog.
     0 | D:1      | Reached XP level 1. HP: 13/13 MP: 1/1
    68 | D:1      | Reached XP level 2. HP: 19/19 MP: 2/2
   252 | D:1      | Reached skill level 1 in Throwing
   257 | D:1      | Reached XP level 3. HP: 23/24 MP: 3/3
   853 | D:2      | Reached XP level 4. HP: 27/30 MP: 4/4
   963 | D:2      | Found a faded altar of an unknown god.
  1274 | D:2      | Found a broken altar of Ashenzari.
  1451 | D:3      | Noticed Sigmund
  1482 | D:3      | Gained mutation: You are somewhat resistant to further
                  | mutation. [potion of mutation]
  1502 | D:3      | Mangled by Sigmund

Illustrated notes

Levels and vault maps discovered:
D:1:      dpeg_arrival_line_fractal, layout_loops_ring
D:2:      layout_rooms, ebering_ecumenical_altar_webs, basic_altar
D:3:      layout_loops_cross, serial_shops, shop, uniq_sigmund, uniq_jessica

Skill      XL: |  1  2  3  4 |
---------------+-------------+-----
Staves         | 2 3 |  3.3
Throwing       | 1 2 |  2.4
Armour         | |  2.0
Stealth        | |  5.0
Evocations     | |  2.0

Action                     |  1- 3 |  4- 6 || total
---------------------------+-------+-------++-------
  Melee: Quarterstaff      |   129 |    69 ||   198
  Throw: Dart              |    18 |    12 ||    30
    Use: Potion            |       |     4 ||     4
         Scroll            |       |     2 ||     2
   Stab: Sleeping          |       |     2 ||     2
 Armour: Ring mail         |   125 |    68 ||   193
         Skin              |       |    26 ||    26
  Dodge: Dodged            |    99 |    54 ||   153

Table legend: (Time is in decaauts)
 A = Elapsed time spent in this place.
 B = Non-inter-level travel time spent in this place.
 C = Inter-level travel time spent in this place.
 D = Time resting spent in this place.
 E = Time spent auto-exploring this place.
 F = Levels seen in this place.
 G = Mean time per level.
                   A        B        C        D        E       F      G
               +--------+--------+--------+--------+--------+-----+--------+
         Total |   1532 |   1486 |     46 |      0 |   1034 |   3 |  510.7 |
       Dungeon |   1532 |   1486 |     46 |      0 |   1034 |   3 |  510.7 |
               +--------+--------+--------+--------+--------+-----+--------+

Top non-repeatable levels by time:
     D:1: 839 daAuts
     D:2: 607 daAuts
     D:3: 86 daAuts
